 Dungeon Crawl Stone Soup version 0.28.0-43-g3370ac3207 (webtiles) character file.

Game seed: 6765269301268909622

77281 boopmooplesden the Fencer (level 15, 0/129 HPs)
             Began as a Minotaur Fighter on Mar 2, 2022.
             Was the Champion of Hepliaklqana.
             Slain by a wolf spider (8 damage)
             ... on level 3 of the Lair of Beasts.
             The game lasted 00:34:24 (24006 turns).

boopmooplesden the Fencer (Minotaur Fighter)       Turns: 24006, Time: 00:34:25

Health: 0/129      AC: 37    Str: 29    XL:     15   Next: 14%
Magic:  23/23      EV:  9    Int:  8    God:    Hepliaklqana [******]
Gold:   429        SH:  0    Dex: 15    Spells: 14/14 levels left

rFire   x . .      SeeInvis .   v - +5 double sword (vorpal)
rCold   + . .      Faith    .   N - +0 kite shield
rNeg    . . .      Spirit   .   s - +9 plate armour "Dirudipn" {*Slow rElec rPois}
rPois   +          Reflect  +   (helmet restricted)
rElec   +          Harm     .   H - +2 cloak
rCorr   .          Rampage  .   g - +2 pair of gloves "Wamm" {Fly}
Will    ++...                   p - +2 pair of boots
Stlth   ..........              h - amulet of reflection
HPRegen 0.31/turn               i - +6 ring of strength
MPRegen 0.18/turn               c - ring of Egomania {Ice rPois Will+ MP+9 Int+3}

@: confused, flying
A: reduced essence, horns 2, retaliatory headbutt
a: Renounce Religion, Recall Ancestor, Ancestor Identity, Transference, Idealise


You were on level 3 of the Lair of Beasts.
You worshipped Hepliaklqana.
Hepliaklqana was exalted by your worship.
You visited 5 branches of the dungeon, and saw 22 of its levels.
You also visited: Bailey.

You collected 2506 gold pieces.
You spent 2077 gold pieces at shops.

Inventory:

Hand Weapons
 v - a +5 vorpal double sword (weapon)
 z - a +5 scimitar of venom
 P - a +1 scimitar of flaming
 X - the +2 spear of the Moth {freeze, *Rage rPois rF+ Dex+4}
   (You took it off a spriggan rider on level 5 of the Lair of Beasts)

   It freezes those it strikes, dealing additional cold damage.
   It can also slow down cold-blooded creatures.
   Dex:       It affects your dexterity (+4).
   rF:        It protects you from fire.
   rPois:     It protects you from poison.
   *Rage:     It berserks you when you make melee attacks (+20% chance).
Missiles
 u - 2 throwing nets (quivered)
Armour
 g - the +2 pair of gloves "Wamm" (worn) {Fly}
   (You found it on level 6 of the Lair of Beasts)

   Fly:       It grants you flight.
 p - a +2 pair of boots (worn)
 s - the +9 plate armour "Dirudipn" (worn) {*Slow rElec rPois}
   (You bought it in a shop on level 2 of the Orcish Mines)

   rElec:     It insulates you from electricity.
   rPois:     It protects you from poison.
   *Slow:     It may slow you when you take damage.
 H - a +2 cloak (worn)
 N - a +0 kite shield (worn)
Jewellery
 c - the ring of Egomania (right hand) {Ice rPois Will+ MP+9 Int+3}
   (You bought it in a shop on level 2 of the Orcish Mines)

   [ring of ice]

   It enhances your ice magic.
   Int:       It affects your intelligence (+3).
   rF:        It makes you vulnerable to fire.
   rC:        It protects you from cold.
   rPois:     It protects you from poison.
   MP:        It affects your magic capacity (+9).
   Will:      It increases your willpower.
 h - an amulet of reflection (around neck)
 i - a +6 ring of strength (left hand)
 k - a +4 ring of protection
 o - a ring of ice
 r - a ring of poison resistance
 J - a +6 ring of dexterity
 M - a ring of wizardry
Wands
 a - a wand of polymorph (7)
 b - a wand of digging (1)
 d - a wand of mindburst (6)
 l - a wand of iceblast (9)
 y - a wand of charming (10)
 B - a wand of flame (47)
 F - a wand of acid (5)
 L - a wand of paralysis (12)
Scrolls
 e - 9 scrolls of teleportation
 f - 8 scrolls of fog
 t - 6 scrolls of blinking
 x - 3 scrolls of fear
 C - a scroll of magic mapping
 D - 2 scrolls of summoning
 O - 5 scrolls of identify
 S - 3 scrolls of amnesia
Potions
 j - a potion of heal wounds
 m - 2 potions of flight
 n - 7 potions of mutation
 q - a potion of resistance
 w - 9 potions of curing
 A - a potion of invisibility
 E - 5 potions of brilliance
 I - 2 potions of magic
 K - 3 potions of cancellation
 Q - 2 potions of might
 R - 2 potions of berserk rage
 Y - a potion of ambrosia


   Skills:
 + Level 16.1 Fighting
 + Level 18.7 Long Blades
 + Level 15.4 Armour
 + Level 4.1 Dodging
 + Level 5.3 Stealth
 + Level 13.4 Shields


You had 14 spell levels left.
You didn't know any spells.
Your spell library contained the following spells:

 Spells                   Type           Power      Damage    Failure   Level
 Animate Skeleton         Necr           0%         N/A       99%         1
 Foxfire                  Conj/Fire      0%         2x1d4     99%         1
 Magic Dart               Conj           0%         1d3       99%         1
 Pain                     Necr           0%         1d4       99%         1
 Call Imp                 Summ           0%         N/A       100%        2
 Ensorcelled Hibernation  Hex/Ice        0%         N/A       100%        2
 Searing Ray              Conj           0%         2d4       100%        2
 Call Canine Familiar     Summ           0%         N/A       100%        3
 Conjure Flame            Conj/Fire      0%         6-21      100%        3
 Dazzling Flash           Conj/Hex       0%         N/A       100%        3
 Inner Flame              Hex/Fire       0%         N/A       100%        3
 Mephitic Cloud           Conj/Pois/Air  0%         N/A       100%        3
 Portal Projectile        Hex/Tloc       0%         N/A       100%        3
 Spider Form              Tmut/Pois      0%         N/A       100%        3
 Stone Arrow              Conj/Erth      0%         3d7       100%        3
 Vampiric Draining        Necr           0%         2d6       100%        3
 Anguish                  Hex/Necr       0%         N/A       100%        4
 Animate Armour           Summ/Erth      0%         N/A       100%        4
 Flame Wave               Conj/Fire      0%         2d4       100%        4
 Fulminant Prism          Conj/Hex       0%         3d6       100%        4
 Iskenderun's Mystic Bla  Conj/Tloc      0%         2d3       100%        4
 Leda's Liquefaction      Hex/Erth       0%         N/A       100%        4
 Blade Hands              Tmut           0%         N/A       100%        5
 Excruciating Wounds      Necr           0%         N/A       100%        5
 Fireball                 Conj/Fire      0%         3d3       100%        5
 Starburst                Conj/Fire      0%         6d3       100%        6
 Ignition                 Fire           0%         3d3       100%        8
 Lehudib's Crystal Spear  Conj/Erth      0%         10d2      100%        8


Dungeon Overview and Level Annotations

Branches:
Dungeon (12/15)            Temple (1/1) D:4            Lair (6/6) D:10
  Swamp (0/4) Lair:4       Spider (1/4) Lair:3        Slime (0/5) Lair:6
    Orc (2/2) D:11            Elf (0/3) Orc:2        Bailey (visited)

Altars:
Ashenzari
Cheibriados
Dithmenos
Elyvilon
Fedhas
Gozag
Hepliaklqana
Kikubaaqudgha
Makhleb
Nemelex Xobeh
Okawaru
Qazlal
Ru
Sif Muna
Trog
Uskayaw
Vehumet
Wu Jian
Xom
Yredelemnul
Zin
The Shining One
Beogh
Jiyva
Lugonu

Shops:
D:1 ?   D:3 =   D:4 :   D:5 *   D:6 :*   Orc:2 (*=[


Innate Abilities, Weirdness & Mutations

Your life essence is reduced to manifest your ancestor. (-10% HP)
You have a pair of horns on your head.
You reflexively headbutt those who attack you in melee.


Message History

The tarantella touches you but does no damage. x3
You bump into the rock wall.
The wolf spider hits you.
* * * LOW HITPOINT WARNING * * *
The wolf spider bites you but does no damage.
The tarantella touches you.
* * * LOW HITPOINT WARNING * * *
You are more confused.
The tarantella touches you but does no damage. x2
The wolf spider hits you but does no damage.
The wolf spider bites you but does no damage.
The tarantella closely misses you.
You barely miss the wolf spider. You headbutt the wolf spider.
The wolf spider is moderately wounded.
The tarantella closely misses you.
The tarantella touches you but does no damage.
The wolf spider completely misses you.
The wolf spider bites you but does no damage.
The tarantella closely misses you.
The tarantella touches you but does no damage. x2
You barely miss the tarantella.
The tarantella is severely wounded.
The wolf spider hits you but does no damage.
The wolf spider bites you but does no damage.
The tarantella touches you but does no damage. x3
The jumping spider leaps!
You bump into the rock wall.
The wolf spider closely misses you. x2
The tarantella touches you but does no damage. x2
The tarantella barely misses you.
The wolf spider hits you but does no damage.
The wolf spider bites you but does no damage.
The tarantella touches you but does no damage.
You hit the tarantella. Your headbutt misses the tarantella.
The tarantella is almost dead.
The tarantella touches you but does no damage.
The tarantella touches you.
* * * LOW HITPOINT WARNING * * *
You are more confused.
The wolf spider hits you but does no damage.
The wolf spider bites you!
You die...

.....####..##..............P.....
.....###...##....................
.....##....†#....................
......#.^...###..................
.....##.....####.................
.....####.####.#.................
.....###.#^##..###......#.###....
......#...#....s##.........###...
...............s@#s.........##...
......#.#.#....s#ss..............
.....###.#.#...###...............
.....###...##.###................
.....##.....####..P..............
.....##...^.###...##.............
.....##..^..##...................
.....#.#...##..(.................
<......##..##................#...


You could see a wolf spider, a jumping spider and 3 tarantellas.

Vanquished Creatures
  The ghost of Qeimiotua the Blocker, a journeyman MiFi of Okawaru (Lair:5)
  An entropy weaver (Spider:1)
  Josephine (D:10)
  The ghost of axecop the Cleaver, a journeyman HODe of Okawaru (D:10)
  2 vault guards (Bailey)
  3 boulder beetles
  Fannar (D:11)
  A catoblepas (D:12)
  A hydra (Lair:1)
  5 two-headed ogres
  2 orc high priests (Orc:2)
  5 death yaks (Lair:6)
  Sonja (Lair:1)
  Pikel (D:5)
  5 orc knights
  2 ugly things
  2 manticores
  5 orc sorcerers
  A salamander (Lair:2)
  11 elephants
  Maurice (D:8)
  7 black mambas
  Maggie (D:7)
  A rime drake (Lair:3)
  3 kobold demonologists (D:11)
  12 cane toads
  8 komodo dragons
  An efreet (D:12)
  3 meliai (Spider:1)
  7 polar bears
  A troll (D:10)
  A tarantella (Spider:1)
  A blink frog (Bailey)
  Grinder (D:4)
  7 hornets
  8 slime creatures (D:12)
  Prince Ribbit (D:8)
  2 dream sheep (Lair:6)
  A meliai zombie (D:11)
  2 culicivoras (Lair:3)
  Sigmund (D:5)
  3 wyverns
  6 wraiths
  A shadow (D:9)
  A jumping spider (Spider:1)
  5 basilisks
  53 yaks
  8 humans (Bailey)
  11 spriggans
  Grum (D:10)
  2 vampire mosquitoes (D:11)
  4 redbacks
  3 wargs
  An acid dragon (D:10)
  10 water moccasins
  7 black bears
  13 orc warriors
  3 ice beasts
  A necrophage (D:4)
  4 ogres
  23 wolves
  5 boggarts
  A hexer (Spider:1)
  2 centaurs (D:11)
  2 lemures (D:5)
  2 kobold brigands
  26 bullfrogs
  2 gnoll sergeants (D:10)
  A scorpion (D:5)
  A water moccasin skeleton (D:4)
  22 killer bees
  10 wights (D:7)
  4 electric eels
  4 centaur zombies
  5 howler monkeys
  4 lava snakes (Lair:5)
  A crimson imp (D:9)
  3 centaur skeletons
  2 hounds
  15 orc priests
  3 bullfrog skeletons
  2 iguanas
  18 orc wizards
  A scorpion zombie (D:3)
  6 hell rats (Lair:2)
  A hound zombie (D:5)
  2 hound skeletons
  5 adders
  6 gnolls
  3 white imps
  2 ufetubi
  An adder skeleton (D:4)
  A worm (D:5)
  3 dart slugs (D:1)
  45 orcs
  4 ball pythons
  8 endoplasms
  3 giant cockroaches
  3 goblins (D:4)
  11 hobgoblins
  3 jackals (D:1)
  6 quokkas
  3 bats
  3 frilled lizards
  13 kobolds
  A quokka zombie (D:3)
  2 rats
553 creatures vanquished.

Vanquished Creatures (collateral kills)
  Snorg (D:10)
  A hydra (D:11)
  A catoblepas (Lair:6)
  An orc high priest (Orc:2)
  A manticore (D:12)
  An elephant (Lair:4)
  A centaur zombie (D:10)
  3 cane toads
  2 polar bears (Lair:6)
  6 spriggans
  7 yaks
  2 wyverns
  2 humans (Bailey)
  A fire elemental (Lair:2)
  A vampire mosquito (D:11)
  2 basilisks (Lair:2)
  A warg (D:11)
  2 water moccasins
  A hornet zombie (D:7)
  An orc warrior (Orc:2)
  8 wolves
  A centaur (D:11)
  4 bullfrogs
  A scorpion (D:5)
  5 killer bees
  2 orc priests (D:10)
  An iguana (D:6)
  4 orc wizards
  A hell rat (Lair:2)
  2 gnolls
  An adder (D:6)
  An adder zombie (D:5)
  12 orcs
  A kobold (D:7)
  A goblin (Bailey)
83 creatures vanquished.

Vanquished Creatures (others)
  A wizard (D:10)
  A queen bee (D:11)
  14 hexers
  5 demonic plants (D:11)
  70 fungi
  81 plants
172 creatures vanquished.

Grand Total: 808 creatures vanquished

Notes
Turn   | Place    | Note
-------+----------+-------------------------------------------
     0 | D:1      | boopmooplesden the Minotaur Fighter began the quest for the
                  | Orb.
     0 | D:1      | Reached XP level 1. HP: 19/19 MP: 0/0
   117 | D:1      | Reached XP level 2. HP: 23/27 MP: 1/1
   180 | D:1      | Found Bastaywy's Magic Scroll Boutique.
   687 | D:1      | Reached XP level 3. HP: 33/33 MP: 2/2
  1161 | D:2      | Reached skill level 3 in Long Blades
  1744 | D:3      | Found Wistem's Jewellery Boutique.
  1767 | D:3      | Found a faded altar of an unknown god.
  1832 | D:3      | Reached XP level 4. HP: 35/40 MP: 3/3
  1948 | D:3      | Reached skill level 4 in Long Blades
  1948 | D:3      | Reached skill level 1 in Dodging
  1948 | D:3      | Reached XP level 5. HP: 25/47 MP: 4/4
  2371 | D:3      | Found a basalt altar of Yredelemnul.
  2515 | D:4      | Noticed a necrophage
  2520 | D:4      | Reached skill level 5 in Armour
  2530 | D:4      | Killed a necrophage
  2531 | D:4      | Reached skill level 5 in Fighting
  2531 | D:4      | Reached skill level 5 in Long Blades
  2531 | D:4      | Reached XP level 6. HP: 49/56 MP: 5/5
  2572 | D:4      | Noticed Grinder
  2576 | D:4      | Paralysed by Grinder for 5 turns
  2587 | D:4      | Paralysed by Grinder for 4 turns
  2599 | D:4      | Killed Grinder
  2600 | D:4      | Reached XP level 7. HP: 47/61 MP: 6/6
  2773 | D:4      | Found Jeroh's Book Shoppe.
  2789 | D:4      | Reached skill level 5 in Shields
  2796 | D:4      | Found a staircase to the Ecumenical Temple.
  2806 | Temple   | Entered the Ecumenical Temple
  2911 | Temple   | Became a worshipper of Hepliaklqana the Forgotten
  2937 | D:4      | Reached skill level 6 in Long Blades
  3188 | D:4      | Found a shimmering altar of Xom.
  3354 | D:5      | Entered Level 5 of the Dungeon
  3467 | D:5      | Noticed Sigmund
  3475 | D:5      | Killed Sigmund
  3476 | D:5      | Reached skill level 7 in Long Blades
  3604 | D:5      | Reached * piety under Hepliaklqana
  3648 | D:5      | Reached XP level 8. HP: 58/63 MP: 7/7
  3870 | D:5      | Noticed Pikel
  3893 | D:5      | Killed Pikel
  3894 | D:5      | Reached skill level 9 in Long Blades
  3960 | D:5      | Found Nurorri's Overcharged Wands.
  4487 | D:6      | Reached XP level 9. HP: 63/71 MP: 8/8
  4593 | D:6      | Found Ymyocis's Elemental Accessories.
  4708 | D:6      | Found Xoiter's Self-Improvement Boutique.
  4802 | D:6      | Reached ** piety under Hepliaklqana
  5024 | D:6      | Reached skill level 10 in Long Blades
  5337 | D:6      | Found a glowing golden altar of the Shining One.
  5451 | D:6      | Remembered your ancestor Wilfreda as a hexer
  5777 | D:7      | Noticed Maggie
  5795 | D:7      | Killed Maggie
  6028 | D:7      | Reached skill level 11 in Long Blades
  6049 | D:7      | Reached skill level 1 in Stealth
  6687 | D:8      | Noticed Maurice
  6694 | D:8      | Killed Maurice
  6695 | D:8      | Reached XP level 10. HP: 46/81 MP: 9/9
  7003 | D:8      | Noticed Prince Ribbit
  7008 | D:8      | Killed Prince Ribbit
  7026 | D:8      | Found a blossoming altar of Fedhas.
  7398 | D:8      | Reached *** piety under Hepliaklqana
  7927 | D:8      | Identified a scroll of acquirement
  7927 | D:8      | Acquired a +3 vorpal double sword
  8034 | D:9      | Reached skill level 12 in Long Blades
  8113 | D:9      | Reached skill level 10 in Armour
  8158 | D:9      | Found a shimmering blue altar of Sif Muna.
  8159 | D:9      | Found an iron altar of Okawaru.
  8192 | D:9      | Found a flagged portal.
  8201 | Bailey   | Entered a bailey
  8222 | Bailey   | Reached skill level 13 in Long Blades
  8414 | Bailey   | Reached skill level 10 in Fighting
  8422 | Bailey   | Reached XP level 11. HP: 75/89 MP: 10/10
  8455 | Bailey   | Noticed a vault guard
  8464 | Bailey   | Killed a vault guard
  8535 | Bailey   | Noticed a vault guard
  8544 | Bailey   | Killed a vault guard
  8545 | Bailey   | Reached skill level 14 in Long Blades
  9268 | D:10     | Entered Level 10 of the Dungeon
  9323 | D:10     | Found a runed translucent door.
  9326 | D:10     | Noticed axecop's ghost (journeyman HODe)
  9337 | D:10     | Killed axecop's ghost
  9418 | D:10     | Reached **** piety under Hepliaklqana
  9553 | D:10     | Noticed Josephine
  9562 | D:10     | Killed Josephine
  9685 | D:10     | Reached skill level 15 in Long Blades
  9687 | D:10     | Noticed Grum
  9694 | D:10     | Killed Grum
  9738 | D:10     | Found a staircase to the Lair.
 10061 | D:10     | Reached XP level 12. HP: 99/99 MP: 11/11
 10119 | D:10     | Noticed a two-headed ogre
 10126 | D:10     | Killed a two-headed ogre
 10139 | D:10     | Found a shadowy altar of Dithmenos.
 10158 | D:10     | Noticed Snorg
 10172 | D:10     | Killed Snorg
 10746 | D:11     | Noticed a two-headed ogre
 10758 | D:11     | Reached skill level 16 in Long Blades
 10760 | D:11     | Killed a two-headed ogre
 10820 | D:11     | Noticed a four-headed hydra
 10834 | D:11     | Killed an eight-headed hydra
 10845 | D:11     | Noticed Fannar
 10859 | D:11     | Killed Fannar
 11024 | D:11     | Noticed a two-headed ogre
 11034 | D:11     | Killed a two-headed ogre
 11052 | D:11     | Found a staircase to the Orcish Mines.
 11174 | D:11     | Found a corrupted altar of Lugonu.
 11992 | D:12     | Reached XP level 13. HP: 98/109 MP: 12/12
 12855 | D:12     | Reached skill level 17 in Long Blades
 13479 | Lair:1   | Entered Level 1 of the Lair of Beasts
 13585 | Lair:1   | Reached ***** piety under Hepliaklqana
 13776 | Lair:1   | Noticed Sonja
 13786 | Lair:1   | Killed Sonja
 14564 | Lair:2   | Reached skill level 10 in Shields
 15828 | Lair:3   | Found a hole to the Spider Nest.
 16101 | Lair:3   | Reached ****** piety under Hepliaklqana
 16374 | Lair:4   | Found a staircase to the Swamp.
 17094 | Lair:4   | Identified the +3 ring mail of the Stag {*Slow rCorr Dex+6}
 17396 | Lair:4   | Reached XP level 14. HP: 119/119 MP: 13/13
 17504 | Lair:5   | Found a runed translucent door.
 17506 | Lair:5   | Noticed Qeimiotua's ghost (journeyman MiFi)
 17514 | Lair:5   | Identified the +2 spear of the Moth {freeze, *Rage rPois
                  | rF+ Dex+4}
 17536 | Lair:5   | Killed Qeimiotua's ghost
 17538 | Lair:5   | Paralysed by a hornet for 3 turns
 17910 | Lair:5   | Reached skill level 5 in Stealth
 18905 | Lair:6   | Entered Level 6 of the Lair of Beasts
 19115 | Lair:6   | Reached skill level 15 in Fighting
 19133 | Lair:6   | Reached skill level 18 in Long Blades
 19532 | Lair:6   | Identified the +2 pair of gloves "Wamm" {Fly}
 20466 | Lair:6   | Found a shimmering altar of Xom.
 20619 | Lair:6   | Found a viscous altar of Jiyva.
 20620 | Lair:6   | Found a staircase to the Slime Pits.
 21245 | Orc:1    | Entered Level 1 of the Orcish Mines
 21890 | Orc:2    | Entered Level 2 of the Orcish Mines
 22003 | Orc:2    | Found a staircase to the Elven Halls.
 22566 | Orc:2    | Found Maipn's Antique Weapon Emporium.
 22598 | Orc:2    | Reached skill level 15 in Armour
 22620 | Orc:2    | Reached XP level 15. HP: 30/128 MP: 14/14
 23180 | Orc:2    | Found Zozerecy's Assorted Antiques.
 23185 | Orc:2    | Found Fougowiy's Armour Boutique.
 23185 | Orc:2    | Found Bodenut's Jewellery Boutique.
 23329 | Orc:2    | Bought the ring of Egomania {Ice rPois Will+ MP+9 Int+3}
                  | for 1005 gold pieces
 23344 | Orc:2    | Bought the +9 plate armour "Dirudipn" {*Slow rElec rPois}
                  | for 967 gold pieces
 23357 | Orc:2    | Bought a potion of heal wounds for 105 gold pieces
 23567 | Spider:1 | Entered Level 1 of the Spider Nest
 24006 | Lair:3   | Slain by a wolf spider

Illustrated notes

Levels and vault maps discovered:
D:1:      minmay_arrival_solitary_statue, layout_basic, serial_shops, shop
D:2:      layout_loops_corners
D:3:      layout_rooms, lemuel_zombie_altar_yredelemnul,
          shapermc_ecumenical_altar_mp_ritualfount, serial_shops,
          nicolae_lakefront_shop, amcnicky_mini_corridor_feature,
          serial_bayou_pond_d, minmay_misc_feat_rugged
D:4:      layout_cave_pools, tgw_xom, minmay_temple_entry_drinking_statues,
          serial_shops, nicolae_shop_window_shopping,
          nicolae_concentric_dashed_squares_wild, uniq_grinder
D:5:      layout_loops_corners, nicolae_shop_overcharged_wands, uniq_pikel,
          uniq_sigmund
D:6:      layout_basic, tso_altar, nicolae_elemental_shop,
          hangedman_decor_points, nicolae_shop_self_help
D:7:      layout_loops_ring, uniq_maggie
D:8:      layout_basic, mainiacjoe_overflow_cross_hatched, uniq_maurice,
          uniq_prince_ribbit1
D:9:      layout_loops_cross, chequers_temple_overflow_statue_of_worship,
          enter_bailey_2, minmay_misc_feat_more_columns, minivault_27,
          hangedman_decor_push, minmay_fire_ice_demons
D:10:     layout_roguey, due_lair_maze_entry_diamond,
          hellmonk_ghost_happy_afterlife, hangedman_decor_opposing,
          minmay_ruined_shrine, uniq_snorg, uniq_josephine, uniq_grum
D:11:     kennysheep_kobold_lugonu_temple, layout_cave_pools,
          david_orc_1_choice, nicolae_looking_at_the_future, uniq_fannar
D:12:     layout_layer_cave
Temple:   compressed_dpeg_circular_temple
Lair:1:   layout_cave_shapes, chequers_serial_rivers_large_b, st_stairs_12,
          uniq_sonja
Lair:2:   layout_gridlike
Lair:3:   layout_hall_layers, hellmonk_spider_entry_life_and_decay
Lair:4:   layout_regular_city, swamp_mist_pool, grunt_megastairs_1
Lair:5:   layout_cave_pods, ebering_ghost_funeral_grove,
          nicolae_lair_liquid_snakes, grunt_megastairs_3,
          infiniplex_staircase_pool_2
Lair:6:   minmay_lair_end_enchanted_forest, layout_hall_layers, slime_altar_1,
          basic_altar, lemuel_fruit_tree, lemuel_fruit_fields,
          serial_bayou_shore_a
Spider:1: layout_cave_pods, uniq_agnes
Orc:1:    layout_caves, nicolae_orc_damp_corner, nicolae_orc_pool_cavern
Orc:2:    st_orc_elflike, layout_caves, basic_altar

Skill      XL: |  1  2  3  4  5  6  7  8  9 10 11 12 13 14 15 |
---------------+----------------------------------------------+-----
Armour         | 4 5 6 7 9 10 11 12 13 15 | 15.4
Shields        | 4 5 6 7 9 11 13 | 13.4
Fighting       | 4 5 7 8 10 11 13 14 15 16 | 16.1
Long Blades    | 3 4 5 7 9 11 13 15 16 17 18 | 18.7
Dodging        | 1 2 3 4 |  4.1
Stealth        | 1 2 3 4 5 |  5.3

Action                   |  1- 3 |  4- 6 |  7- 9 | 10-12 | 13-15 || total
-------------------------+-------+-------+-------+-------+-------++-------
Melee: Long sword        |    95 |    43 |   212 |       |       ||   350
       Headbutt          |     9 |    10 |    46 |    96 |   153 ||   314
       Scimitar          |       |       |    63 |    63 |     2 ||   128
       Double sword      |       |       |       |   450 |   751 ||  1201
Invok: Recall Ancestor   |       |       |     1 |     1 |       ||     2
       Ancestor Life: He |       |       |     1 |       |       ||     1
Evoke: Wand              |       |       |     1 |       |       ||     1
  Use: Potion            |       |     1 |     1 |     1 |     1 ||     4
       Scroll            |       |     7 |       |    20 |    12 ||    39
 Stab: Distracted        |       |       |     2 |     6 |     8 ||    16
       Confused          |       |       |     2 |     4 |     6 ||    12
Armor: Scale mail        |    35 |       |       |       |       ||    35
       Plate armour      |    27 |    39 |   160 |   339 |   556 ||  1121
       Skin              |       |       |       |     3 |       ||     3
Dodge: Dodged            |    49 |    18 |    71 |   161 |   266 ||   565
Block: Buckler           |    24 |    12 |    51 |    77 |       ||   164
       Kite shield       |       |       |       |    93 |   482 ||   575
